 Dungeon Crawl Stone Soup version 0.24.1-14-gf8d2b509d9 (webtiles) character file.

Game seed: 1331295816590899584, levelgen mode: deterministic

139 Elvor the Shield-Bearer (level 5, -5/49 HPs)
             Began as a Deep Dwarf Fighter on June 1, 2020.
             Was a Follower of the Shining One.
             Slain by an ogre
             ... wielding a +0 giant club
              (22 damage)
             ... on level 4 of the Dungeon.
             The game lasted 00:52:46 (2554 turns).

Elvor the Shield-Bearer (Deep Dwarf Fighter)        Turns: 2554, Time: 00:52:47

Health: -5/49      AC:  8    Str: 21    XL:     5   Next: 1%
Magic:  5/5        EV:  8    Int:  8    God:    the Shining One [*.....]
Gold:   121        SH:  9    Dex: 12    Spells: 4/4 levels left

rFire    . . .     SeeInvis .   a - +0 war axe
rCold    . . .     Gourm    .   c - +0 shield
rNeg     . . .     Faith    .   t - +0 scale mail (curse)
rPois    .         Spirit   .   (no helmet)
rElec    .         Reflect  .   (no cloak)
rCorr    .         Harm     .   (no gloves)
MR       .....                  A - +0 pair of boots
Stlth    ..........             (no amulet)
HPRegen  0.00/turn              (no ring)
MPRegen  0.09/turn              (no ring)

@: non-regenerating, glowing
A: damage resistance, heal wounds, sense surroundings 1, no regeneration
a: Heal Wounds, Renounce Religion


You were on level 4 of the Dungeon.
You worshipped the Shining One.
The Shining One was aware of your devotion.
You were not hungry.

You visited 1 branch of the dungeon, and saw 4 of its levels.

You collected 121 gold pieces.

Inventory:

Hand Weapons
 a - a +0 war axe (weapon)
 e - a +0 whip
 g - a +0 dagger
 i - a +0 dagger
 k - a +0 club
 n - a cursed -1 club
 q - a +0 hunting sling
 u - a +0 mace
 y - a +3 dagger of electrocution
 C - a +0 club
 D - a +0 hunting sling
 F - a +0 short sword
 I - a cursed +0 dagger
 K - a +0 hunting sling
 N - a +0 falchion
 O - a +0 hand axe
 P - a +0 trident
 S - a +2 quarterstaff of chaos
 U - a +0 mace
 W - a +0 short sword
 X - a cursed -3 hunting sling
Missiles
 l - 21 arrows
 m - 195 stones
 w - 9 sling bullets (quivered)
 H - 11 bolts
Armour
 b - a +0 scale mail
 c - a +0 shield (worn)
 p - a +0 chain mail
 r - a +0 ring mail
 s - a +0 robe
 t - a cursed +0 scale mail (worn)
 x - a +0 robe
 A - a +0 pair of boots (worn)
 E - a +0 leather armour
 J - a +0 plate armour
 M - a +0 ring mail
 T - a cursed +0 cloak
Jewellery
 h - an uncursed amulet of regeneration {unknown}
 G - an uncursed amulet of guardian spirit {unknown}
 V - an uncursed ring of resist corrosion {unknown}
Scrolls
 j - a scroll of fear {unknown}
 o - 2 scrolls of remove curse {unknown}
 v - a scroll of amnesia {unknown}
 L - a scroll of magic mapping {unknown}
Potions
 d - 2 potions of might
 z - a potion of heal wounds
 B - a potion of curing {unknown}
 Q - a potion of resistance {unknown}
 R - a potion of ambrosia {unknown}
Comestibles
 f - 5 rations


   Skills:
 + Level 3.4 Fighting
 + Level 3.7 Axes
 + Level 3.8 Armour
 + Level 0.8 Dodging
 + Level 4.2 Shields


You had 4 spell levels left.
You didn't know any spells.
Your spell library was empty.

Dungeon Overview and Level Annotations

Branches:
Dungeon (4/15)
 Temple: D:4-7

Altars:
The Shining One

Annotations:
D:2 evilpenguin128's ghost, amateur TrBe
D:3 H0rd4k's ghost, weakling DEWz; Sigmund; Thomus's ghost, amateur DECj


Innate Abilities, Weirdness & Mutations

You are resistant to damage.
You can heal yourself by infusing magical energy.
You passively map a small area around you.
You do not regenerate.


Message History

You have reached level 5!
The howler monkey hoots and howls with incredible vigour!
You hear a shout! x2
You slash the ogre!
The ogre is heavily wounded.
The ogre hits you with a +0 giant club! You block the ogre's attack.
You hit the ogre.
The ogre is heavily wounded.
The howler monkey hoots and howls with incredible vigour!
You block the ogre's attack.
You hear a shout! x4
Your shield prevents you from hitting the ogre.
The ogre is heavily wounded.
The ogre hits you with a +0 giant club!!
You block the howler monkey's attack.
You slash the ogre!
The ogre is almost dead.
You hit the howler monkey. The howler monkey hits you.
The ogre hits you with a +0 giant club!!
You die...

* , ..
,#..........#.####
.......#..##....<##.####
...............#........
,
.......###...###........
,...... #.### #........
* ......####.# #........
........##.# #.<......
#....h....# #........
#....O@#### #........
#......# #########
#...?..# #......#
#......# ########


You could see an ogre and a howler monkey.

Vanquished Creatures
  Crazy Yiuf (D:3)
  A worker ant (D:4)
  An adder (D:2)
  An adder skeleton (D:4)
  A worm (D:2)
  2 dart slugs (D:1)
  2 leopard geckos
  3 orcs (D:3)
  A ball python (D:1)
  7 bats
  A giant cockroach (D:1)
  4 hobgoblins
  9 jackals
  A quokka (D:2)
  3 frilled lizards
  8 goblins
  8 kobolds
  8 rats
62 creatures vanquished.

Notes
Turn   | Place    | Note
-------+----------+-------------------------------------------
     0 | D:1      | Elvor the Deep Dwarf Fighter began the quest for the Orb.
     0 | D:1      | Reached XP level 1. HP: 20/20 MP: 1/1
   153 | D:1      | Found a glowing golden altar of the Shining One.
   160 | D:1      | Became a worshipper of the Shining One
   204 | D:1      | Reached XP level 2. HP: 27/27 MP: 2/2
  1018 | D:2      | Reached XP level 3. HP: 20/34 MP: 3/3
  1099 | D:2      | Reached skill level 4 in Shields
  1839 | D:2      | Reached XP level 4. HP: 17/42 MP: 4/4
  1913 | D:3      | Noticed Sigmund
  2198 | D:3      | Found a runed translucent gate.
  2198 | D:3      | Found a runed translucent gate.
  2198 | D:3      | Found a runed translucent gate.
  2246 | D:3      | Reached * piety under the Shining One
  2262 | D:3      | Found a runed translucent door.
  2263 | D:3      | Noticed Crazy Yiuf
  2276 | D:3      | Killed Crazy Yiuf
  2341 | D:3      | Noticed evilpenguin128's ghost (amateur TrBe)
  2342 | D:3      | Noticed Thomus's ghost (amateur DECj)
  2342 | D:3      | Noticed H0rd4k's ghost (weakling DEWz)
  2546 | D:4      | Noticed an ogre
  2549 | D:4      | Reached XP level 5. HP: 45/49 MP: 5/5
  2554 | D:4      | Slain by an ogre

Levels and vault maps discovered:
D:1:      dpeg_arrival_three_same_balls, layout_loops_corners, hex_large,
          tso_altar
D:2:      layout_basic
D:3:      layout_basic, serial_glass, glass_columns_a, glass_columns_b,
          gammafunk_ghost_cemetery, uniq_crazy_yiuf_cottage, uniq_sigmund
D:4:      layout_rooms, first_ration

Skill      XL: |  1  2  3 |
---------------+----------+-----
Fighting       | 3 |  3.4
Shields        | 4 |  4.2
Axes           | 3 |  3.7
Armour         | |  3.8
Dodging        | |  0.8

Action                   |  1- 3 |  4- 6 || total
-------------------------+-------+-------++-------
Melee: War axe           |   138 |    45 ||   183
 Abil: Heal Wounds       |       |     3 ||     3
  Use: Scroll            |       |     4 ||     4
       Potion            |       |     1 ||     1
  Eat: Chunk             |     2 |       ||     2
       Ration            |       |     1 ||     1
Armor: Scale mail        |    52 |    19 ||    71
Dodge: Dodged            |    42 |    13 ||    55
Block: Shield            |    70 |    30 ||   100
